 Dungeon Crawl Stone Soup version 0.31-a0-233-g139696dc86 (webtiles) character file.

Game seed: 1742043737564594674

107 qw the Shooter (level 4, -3/26 HPs)
             Began as a Gargoyle Hexslinger on July 9, 2023.
             Slain by Sigmund
             ... wielding a +1 heavy scythe
              (15 damage)
             ... on level 2 of the Dungeon.
             The game lasted 00:00:35 (1521 turns).

qw the Shooter (Gargoyle Hexslinger)                Turns: 1521, Time: 00:00:36

Health: -3/26      AC: 10    Str: 12    XL:     4   Next: 85%
Magic:  5/5        EV: 11    Int: 13    God:
Gold:   58         SH:  0    Dex: 20    Spells: 4/5 levels left

rFire   . . .        Y - +1 sling
rCold   . . .        (no shield)
rNeg    + . .        o - +0 ring mail
rPois   inf          (no helmet)
rElec   +            (no cloak)
rCorr   .            (no gloves)
SInv    +            j - +0 pair of boots
Will    .....        (no amulet)
Stlth   +            e - +6 ring of dexterity
HPRegen 0.24/turn    i - ring of see invisible
MPRegen 0.09/turn

%: no passive effects
@: no status effects
A: sickness immunity, AC +3, negative energy resistance 1, electricity
resistance, torment resistance 1, petrification resistance
a: no special abilities


You were on level 2 of the Dungeon.
You visited 1 branch of the dungeon, and saw 2 of its levels.

You collected 58 gold pieces.


Innate Abilities, Weirdness & Mutations

You are immune to sickness and miasma.
Your stone body is resilient. (AC +3)
You are immune to poison.
You resist negative energy. (rN+)
You are resistant to electric shocks. (rElec)
You are resistant to unholy torment.
You are immune to petrification.


   Skills:
 - Level 2.0 Fighting
 + Level 4.2 Ranged Weapons
 - Level 1.5 Armour
 - Level 1.5 Dodging
 - Level 1.0 Spellcasting
 - Level 2.6 Hexes


You had 4 spell levels left.
You knew the following spells:

 Your Spells              Type           Power      Damage    Failure   Level
a - Slow                  Hex            28%        N/A       21%         1

Your spell library contained the following spells:

 Spells                   Type           Power      Damage    Failure   Level
 Inner Flame              Hex/Fire       4%         N/A       71%         3
 Portal Projectile        Hex/Tloc       8%         N/A       71%         3
 Cause Fear               Hex            3%         N/A       90%         4

Inventory:

Hand Weapons
 Y - a +1 sling (weapon)
Armour
 d - a +2 helmet
 j - a +0 pair of boots (worn)
 o - a +0 ring mail (worn)
Jewellery
 e - a +6 ring of dexterity (left hand)
 i - a ring of see invisible (right hand)
Scrolls
 a - 2 scrolls of identify
 b - a scroll of enchant weapon {unknown}
Potions
 c - a potion of might {unknown}
 g - a potion of brilliance {unknown}
 k - a potion of curing {unknown}
 l - a potion of resistance {unknown}

Dungeon Overview and Level Annotations

Branches:
Dungeon (2/15)

Altars:
Gozag

Annotations:
D:2 Sigmund


Message History

A gnoll comes into view. It is wielding a +0 flail.
A gnoll comes into view. It is wielding a +0 halberd.
Sigmund is suddenly surrounded by pale green light.
Sigmund hits you from afar with a +1 heavy scythe!
Ouch! That really hurt!
The gnoll shouts!
The gnoll closely misses you.
A gnoll comes into view. It is wielding a +0 halberd.
Sigmund misses you.
The gnoll shouts!
The gnoll misses you. The gnoll closely misses you.
You feel less confused. Sigmund barely misses you.
The gnoll hits you with a +0 club.
You shoot a sling bullet. The sling bullet hits the gnoll.
The gnoll is lightly wounded.
The gnoll hits you but does no damage. The gnoll barely misses you.
The gnoll closely misses you.
A goblin comes into view. It is wielding a +0 club.
Sigmund mumbles some strange words.
Sigmund flickers and vanishes for a moment.
The goblin shouts!
You shoot a sling bullet.
The sling bullet closely misses the gnoll.
The sling bullet hits Sigmund.
Sigmund is severely wounded.
The gnoll misses you. The gnoll hits you but does no damage.
Sigmund hits you but does no damage.
You shoot a sling bullet. The sling bullet hits the gnoll.
The gnoll is lightly wounded.
The gnoll hits you but does no damage.
The gnoll hits you from afar with a +0 halberd.
1521 ||| DRINKING potion of heal wounds.
You feel much better. The gnoll hits you with a +0 club.
A frilled lizard comes into view.
The gnoll hits you from afar with a +0 halberd!
Sigmund hits you from afar with a +1 heavy scythe!
Ouch! That really hurt!
You die...

#.#.# #.#.#.
...l...##...#
#.#.#.
......######
#.#.## .....#
#.#.# .g..# #.#.#
..g# #.#.# g@#
#.#.# #g# #.#.#
#@# #.#.# #.#
#.#.# #.# #.#.##
#.###########.#...
#.............####
###############


You could see Sigmund (invisible), 3 gnolls, a goblin and a frilled lizard
(wandering).

Vanquished Creatures
  Terence (D:2)
  A gnoll (D:1)
  2 adders (D:2)
  2 worms (D:2)
  2 dart slugs (D:1)
  3 bats (D:1)
  3 endoplasms
  2 giant cockroaches
  A goblin (D:1)
  6 hobgoblins
  4 jackals (D:2)
  A quokka (D:1)
  5 ball pythons
  A frilled lizard (D:1)
  4 kobolds
  5 rats
43 creatures vanquished.

Notes
Turn   | Place    | Note
-------+----------+-------------------------------------------
     0 | D:1      | qw the Gargoyle Hexslinger began the quest for the Orb.
     0 | D:1      | Reached XP level 1. HP: 12/12 MP: 2/2
     0 | D:1      | 0 ||| qw: Version: 0.3-a-51-g015441d
     0 | D:1      | 0 ||| qw: Game counter: 3846
     0 | D:1      | 0 ||| qw: Melee chars always use a shield: true
     0 | D:1      | 0 ||| qw: God list: Okawaru
     0 | D:1      | 0 ||| qw: Allow faded altars: false
     0 | D:1      | 0 ||| qw: Do Orc after clearing Dungeon:15 true
     0 | D:1      | 0 ||| qw: Do second Lair branch before Depths: true
     0 | D:1      | 0 ||| qw: Lair rune preference: random
     0 | D:1      | 0 ||| qw: Goals: Normal
     0 | D:1      | 0 ||| PLANNING D:1-11
    93 | D:1      | Reached XP level 2. HP: 16/16 MP: 3/3
   135 | D:1      | Reached skill level 3 in Ranged Weapons
   217 | D:1      | Reached XP level 3. HP: 20/20 MP: 4/4
   238 | D:1      | Found a faded altar of an unknown god.
   812 | D:1      | 812 ||| UPGRADING to +0 leather armour.
   822 | D:1      | 822 ||| DROPPING +0 robe.
   823 | D:1      | 823 ||| UPGRADING to +0 pair of boots.
   828 | D:1      | 828 ||| UPGRADING to +0 ring mail.
   838 | D:1      | 838 ||| DROPPING +0 leather armour.
   839 | D:1      | 839 ||| UPGRADING to +6 ring of dexterity.
   840 | D:1      | 840 ||| UPGRADING to ring of see invisible.
   841 | D:1      | 841 ||| READING 2 scrolls labelled EBIUHI UROVUDD.
   842 | D:1      | 842 ||| READING scroll labelled XUNAOJY DEPE.
   843 | D:1      | 843 ||| READING scroll labelled NATESA MIOJU.
   844 | D:1      | 844 ||| DRINKING 2 black potions.
   845 | D:1      | 845 ||| DROPPING scroll of poison.
   947 | D:2      | Reached skill level 1 in Armour
   947 | D:2      | Reached XP level 4. HP: 16/26 MP: 5/5
  1107 | D:2      | Found an opulent altar of Gozag.
  1161 | D:2      | Noticed Terence
  1172 | D:2      | Killed Terence
  1173 | D:2      | Reached skill level 4 in Ranged Weapons
  1504 | D:2      | Noticed Sigmund
  1520 | D:2      | HP: 6/26 [gnoll/+0 halberd (5)]
  1521 | D:2      | 1521 ||| DRINKING potion of heal wounds.
  1521 | D:2      | Slain by Sigmund

Levels and vault maps discovered:
D:1:      spicycebolla_arrival_xxxplode, layout_loops_ring,
          shapermc_ecumenical_altar_rom_forum, minmay_tiny_reverse_x
D:2:      layout_basic, basic_altar, uniq_terence, uniq_sigmund

Skill      XL: |  1  2  3  4 |
---------------+-------------+-----
Ranged Weapons | 3 4 |  4.2
Fighting       | 2 |  2.0
Armour         | 1 |  1.5
Dodging        | |  1.5
Spellcasting   | |  1.0
Hexes          | |  2.6

Action                     |  1- 3 |  4- 6 || total
---------------------------+-------+-------++-------
   Fire: Sling             |    92 |    47 ||   139
    Use: Scroll            |     3 |       ||     3
         Potion            |     1 |     1 ||     2
 Armour: Robe              |     6 |       ||     6
         Ring mail         |    10 |    12 ||    22
  Dodge: Dodged            |    27 |    13 ||    40

Table legend:
 A = Non-vault XP
 B = Vault XP
 C = Vault XP percentage of total XP
 D = Non-vault monster count
 E = Vault monster count
 F = Vault count percentage of total count
                 A         B        C        D         E       F
            +---------+---------+-------+---------+---------+-------
      Total |     112 |      41 |  26.8 |      40 |       3 |   7.0
            +---------+---------+-------+---------+---------+-------
        D:1 |      55 |       3 |   5.2 |      24 |       2 |   7.7
        D:2 |      57 |      38 |  40.0 |      16 |       1 |   5.9
            +---------+---------+-------+---------+---------+-------
